Map: Coda LE (Void)

Players

SKTPatchToss

  • Race: Terran Terran

Wintersc2 (Winter) - Winner!

  • Race: Terran Terran

VOD

Have the link to the VOD?

Description

Time

  • Played on: April 10, 2015, 8:01 p.m.
  • Length: 11:16
Show
View Real Time Build Order
Export as new Build Order

SKTPatchToss Terran 

Build Orders: Command Center First (CC) 

Get SALT Encoding   

  12  0:00  SCV  
  13  0:13  SCV  
  14  0:17  Supply Depot  
  14  0:25  SCV  
  15  0:39  SCV  
  16  0:58  Command Center  
  16  1:02  SCV  
  17  1:13  Barracks  
  17  1:15  SCV  
  18  1:23  Refinery  
  18  1:27  SCV  
  18  1:31  Refinery  
  19  1:39  SCV  
  20  1:51  SCV  
  21  1:59  Marine  
  22  2:03  Orbital Command  
  22  2:10  Orbital Command  
  22  2:17  Factory  
  22  2:20  Marine  
  23  2:34  SCV  
  24  2:37  SCV  
  24  2:40  Barracks Tech Lab  
  25  2:46  SCV  
  25  2:49  SCV  
  27  2:56  Refinery  
  27  2:57  Refinery  
  27  2:58  SCV  
  27  3:08  SCV  
  27  3:10  Cyclone  
  27  3:12  Factory  
  31  3:13  Marine  
  31  3:15  SCV  
  31  3:19  Supply Depot  
  33  3:33  Barracks Tech Lab  
  33  3:38  SCV  
  34  3:45  SCV  
  34  3:48  Command Center, Cyclone  
  38  3:50  SCV  
  39  3:58  SCV  
  39  4:02  Cyclone  
  43  4:05  SCV  
  44  4:10  SCV  
  44  4:15  Supply Depot  
  46  4:17  SCV  
  46  4:27  Supply Depot  
  46  4:29  Armory  
  46  4:36  SCV, Cyclone  
  50  4:39  Cyclone  
  53  4:47  SCV  
  54  4:55  Factory  
  54  4:56  Barracks Tech Lab  
  54  5:00  SCV x2  
  54  5:01  Orbital Command  
  54  5:06  Missile Turret  
  56  5:09  Cyclone  
  59  5:15  Unknown  
  59  5:18  Terran Vehicle and Ship Weapons Level 1  
  59  5:19  SCV  
  60  5:23  Missile Turret  
  60  5:27  SCV  
  61  5:33  Cyclone  
  64  5:38  SCV  
  65  5:45  Cyclone  
  68  5:52  Missile Turret  
  68  5:53  Refinery, Missile Turret  
  68  5:54  Missile Turret, Orbital Command  
  68  5:55  SCV x2  
  68  5:56  Refinery  
  70  5:58  Cyclone  
  73  6:04  Missile Turret  
  73  6:07  Cyclone  
  76  6:12  Supply Depot  
  76  6:15  Supply Depot  
  76  6:20  SCV  
  77  6:28  Barracks Reactor  
  77  6:30  Factory  
  77  6:34  SCV x3  
  80  6:42  Cyclone  
  80  6:43  Cyclone  
  80  6:46  SCV  
  87  6:48  Supply Depot x2  
  87  6:49  Supply Depot  
  87  6:53  Engineering Bay, Missile Turret  
  87  7:03  Missile Turret  
  87  7:06  Missile Turret  
  86  7:12  SCV  
  86  7:21  Terran Vehicle and Ship Weapons Level 2  
  86  7:22  Cyclone x2  
  92  7:24  Hellion, Factory  
  94  7:31  Sensor Tower  
  94  7:36  Hellion  
  96  7:38  Barracks Tech Lab  
  96  7:41  SCV x3  
  99  7:46  Supply Depot  
  99  7:48  Supply Depot  
  102  7:59  Cyclone, Hellion x2  
  102  8:00  Infernal Pre-Igniter  
  111  8:05  Hellion  
  111  8:06  Cyclone  
  111  8:12  Factory  
  111  8:17  Cyclone  
  111  8:18  Barracks Reactor  
  114  8:24  Command Center  
  114  8:30  SCV x2  
  114  8:33  Cyclone  
  114  8:34  Hellion x2  
  123  8:38  Supply Depot  
  123  8:39  Cyclone  
  123  8:40  Supply Depot  
  126  8:45  Supply Depot  
  126  8:47  Cyclone  
  129  8:49  Cyclone  
  132  8:57  SCV x2  
  132  9:01  Hellion x2  
  138  9:05  SCV  
  139  9:10  Supply Depot, Hellion x2  
  139  9:11  Supply Depot  
  132  9:30  Cyclone x4  
  124  9:34  SCV x2  
  124  9:35  Orbital Command  
  124  9:36  Orbital Command  
  107  9:42  Hellion  
  91  9:50  Orbital Command  
  83  10:04  SCV  
  84  10:07  Cyclone  
  84  10:08  Orbital Command  
  84  10:13  Orbital Command  
  85  10:25  Hellion  
  87  10:30  Missile Turret  
  51  10:53  Hellion x2  
Show
View Real Time Build Order
Export as new Build Order

Wintersc2 Terran - Winner!

Build Orders: MMM Bio 

Get SALT Encoding   

  12  0:02  SCV  
  14  0:14  SCV  
  14  0:22  Supply Depot  
  14  0:26  SCV  
  15  0:44  SCV  
  15  0:45  Barracks  
  16  0:56  SCV  
  17  1:08  SCV  
  18  1:20  SCV  
  18  1:22  Command Center  
  20  1:34  Marine, Orbital Command  
  20  1:44  Supply Depot  
  20  1:47  Refinery  
  20  1:52  Marine  
  21  2:02  SCV  
  22  2:10  Marine  
  23  2:18  SCV  
  23  2:20  Command Center  
  24  2:30  SCV  
  24  2:34  Orbital Command  
  25  2:38  Refinery  
  25  2:43  SCV, Marine  
  27  2:47  Barracks  
  27  2:55  SCV  
  27  2:58  Barracks  
  28  3:01  Marine  
  28  3:05  SCV  
  30  3:07  SCV  
  31  3:13  Refinery  
  31  3:17  SCV  
  31  3:19  SCV  
  33  3:20  Marine  
  34  3:29  SCV  
  34  3:31  SCV  
  34  3:33  Orbital Command  
  36  3:35  Barracks  
  36  3:38  Barracks Tech Lab  
  35  3:41  Barracks Reactor, SCV  
  35  3:43  SCV  
  37  3:53  SCV  
  37  3:54  Barracks  
  37  3:55  SCV  
  39  4:00  SCV  
  39  4:01  Concussive Shells  
  39  4:02  Marauder  
  42  4:03  Barracks Tech Lab  
  42  4:06  SCV  
  42  4:07  SCV  
  44  4:11  Engineering Bay  
  44  4:13  SCV  
  44  4:14  Refinery  
  45  4:18  SCV  
  45  4:19  SCV  
  45  4:24  Marauder, Marine  
  48  4:30  SCV x2  
  51  4:33  SCV, Factory  
  51  4:36  Barracks Reactor  
  52  4:42  SCV x2  
  52  4:44  Engineering Bay  
  55  4:45  SCV  
  55  4:51  Barracks Reactor, Refinery  
  55  4:53  Stimpack  
  55  4:54  SCV  
  55  4:57  SCV  
  55  4:58  Supply Depot  
  58  5:07  SCV  
  58  5:08  Terran Infantry Weapons Level 1  
  58  5:09  SCV  
  58  5:11  Supply Depot  
  61  5:14  Marauder  
  61  5:19  Orbital Command  
  61  5:20  SCV, Marine  
  63  5:22  Supply Depot  
  63  5:23  Starport, Factory Reactor  
  63  5:25  SCV  
  64  5:30  Supply Depot, Marine x2  
  64  5:33  Supply Depot  
  64  5:34  Marauder  
  68  5:36  SCV  
  68  5:39  Terran Infantry Armor Level 1  
  68  5:41  SCV  
  70  5:47  Combat Shields  
  70  5:48  SCV  
  71  5:51  Supply Depot  
  71  5:52  SCV  
  71  5:53  SCV  
  73  6:02  SCV  
  74  6:04  SCV  
  74  6:07  SCV  
  74  6:09  Barracks  
  74  6:10  Factory Tech Lab  
  76  6:13  Medivac x2  
  76  6:14  SCV  
  76  6:16  SCV  
  82  6:19  SCV  
  82  6:23  Armory  
  83  6:26  SCV, Marine x6  
  83  6:27  Marine  
  83  6:28  SCV  
  83  6:31  Marauder  
  94  6:33  Siege Tank  
  94  6:36  SCV  
  94  6:38  SCV  
  99  6:43  SCV  
  99  6:46  Supply Depot  
  100  6:47  Medivac  
  100  6:48  SCV, Medivac  
  100  6:49  Supply Depot  
  100  6:52  SCV  
  100  6:54  Supply Depot, Refinery  
  106  6:56  Marine x3  
  109  7:03  Barracks Tech Lab  
  109  7:04  Supply Depot  
  109  7:05  Marine  
  109  7:07  Marine  
  109  7:08  Supply Depot, Marauder  
  112  7:11  Supply Depot  
  112  7:12  Terran Infantry Weapons Level 2  
  112  7:15  Marine x4  
  114  7:16  Marauder  
  114  7:17  SCV  
  114  7:22  Medivac  
  121  7:23  Marine  
  121  7:28  SCV  
  123  7:34  Refinery  
  123  7:35  Command Center, Marine x3  
  123  7:36  Marauder  
  128  7:40  Terran Infantry Armor Level 2  
  128  7:43  Marine x2  
  130  7:44  Supply Depot  
  130  7:46  Medivac  
  130  7:48  Marine x2  
  134  7:53  Marine x2  
  134  7:56  Marine  
  134  7:57  Marauder  
  139  7:59  Marine  
  139  8:01  Marine  
  139  8:02  Supply Depot  
  139  8:03  SCV  
  139  8:04  Marine  
  143  8:06  Marauder  
  143  8:07  Medivac  
  143  8:08  Marine  
  148  8:15  Marine x2  
  148  8:16  Marine  
  148  8:18  Marauder x2  
  155  8:24  Supply Depot, Marine x2  
  155  8:25  Supply Depot  
  157  8:27  Marine  
  157  8:28  Marauder  
  157  8:32  Marine  
  157  8:33  Marine  
  162  8:34  Marine  
  162  8:37  Barracks  
  162  8:39  Marauder, Marine  
  166  8:41  Marine  
  166  8:42  Medivac  
  166  8:43  Marine  
  170  8:48  Supply Depot  
  170  8:50  Orbital Command  
  170  8:55  Marauder, Marine x2  
  174  8:57  SCV  
  165  9:25  Marine  
  165  9:26  Marine, Marauder  
  165  9:27  Marauder  
  165  9:30  Marauder, Marine x2  
  154  9:31  Marine x3  
  154  9:32  Medivac x2  
  154  9:33  SCV  
  160  9:43  Marine  
  141  9:47  Marine, Marauder  
  141  9:48  Marauder, Marine  
  141  9:52  Marine x2, Marauder  
  141  9:53  Barracks Tech Lab  
  141  9:54  Marine  
  141  9:55  SCV  
  140  10:01  Marine  
  140  10:05  Marine x2  
  143  10:08  Marauder, Medivac x2  
  143  10:10  Marauder, Marine x2  
  143  10:12  Marine  
  143  10:13  Marauder  
  156  10:16  Marine  
  156  10:17  Orbital Command  
  156  10:19  Marine  
  157  10:23  Marine  
  157  10:27  Marine  
  158  10:30  Marauder  
  158  10:31  Marauder  
  158  10:33  Marine  
  158  10:34  Marauder x2  
  145  10:36  Marine  
  132  10:51  Marauder, Marine x5  
  132  10:53  Marauder  
  143  11:02  SCV  
Tags
 
Composition
MMM Bio
Matchup
TvT
Player
Winter
Race
Terran
Replay Pack
winter
Add a new tag
Caveats
  • Supply blocks, unpowered buildings, or Contaminate may cause inaccurate times.
  • Supply counts are checked every 10 seconds.